 Seeded DCSS version 0.29-a0-472-ge5599a681e (webtiles) character file.

Game seed: 6774861435536819975 (custom seed)

315 bwicke the Changer (level 6, 0/38 HPs)
             Began as an Octopode Transmuter on May 22, 2022.
             Was an Initiate of Okawaru.
             Slain by Pikel
             ... wielding a +0 whip of freezing
              (5 damage)
             ... on level 4 of the Dungeon.
             The game lasted 00:06:17 (3835 turns).

bwicke the Changer (Octopode Transmuter)            Turns: 3835, Time: 00:06:17

Health: 0/38       AC:  1    Str:  7 (10) XL:     6   Next: 44%
Magic:  9/9        EV: 13    Int: 15 (17) God:    Okawaru [......]
Gold:   118        SH:  0    Dex: 11 (12) Spells: 8/9 levels left

rFire   + . .      SeeInvis .   k - +2 short sword (venom)
rCold   . . .      Faith    .   (no shield)
rNeg    . . .      Spirit   .   (helmet currently unavailable)
rPois   .          Reflect  .   (no amulet)
rElec   .          Harm     .   l - ring of protection from fire
rCorr   .          Rampage  .   (no ring)
Will    .....                   (no ring)
Stlth   ++........              (no ring)
HPRegen 0.12/turn               (no ring)
MPRegen 0.11/turn               (no ring)
                                (no ring)
                                (no ring)

@: appendages
A: tentacle spike 3, almost no armour, amphibious, 8 rings, camouflage 1,
gelatinous body 1, (nimble swimmer 1), tentacles
a: End Transformation, Renounce Religion


You were on level 4 of the Dungeon.
You worshipped Okawaru.
Okawaru was noncommittal.
One of your tentacles had grown a beastly spike.
You visited 1 branch of the dungeon, and saw 4 of its levels.

You collected 118 gold pieces.

Inventory:

Hand Weapons
 b - a +0 short sword
 c - a +0 dagger
 j - a +0 spear
 k - a +2 short sword of venom (weapon)
Missiles
 d - 14 poisoned darts
 e - 4 atropa-tipped darts
 i - 2 throwing nets
 q - 43 stones
Jewellery
 l - a ring of protection from fire (left tentacle)
Wands
 m - a wand of digging (1)
Scrolls
 g - a scroll of teleportation
 n - a scroll of fear
 p - a scroll of blinking {unknown}
 s - a scroll of torment {unknown}
Potions
 a - 2 potions of lignification
 f - a potion of heal wounds {unknown}
 h - a potion of haste {unknown}
 o - a potion of curing {unknown}
 r - a potion of cancellation {unknown}
 u - a potion of flight {unknown}


   Skills:
 - Level 1.0 Fighting
 - Level 2.0 Dodging
 - Level 3.0 Unarmed Combat
 - Level 2.0 Spellcasting
 + Level 6.6 Transmutations


You had 8 spell levels left.
You knew the following spells:

 Your Spells              Type           Power      Damage    Failure   Level
a - Beastly Appendage     Tmut           42%        N/A       1%          1

Your spell library contained the following spells:

 Spells                   Type           Power      Damage    Failure   Level
 Wereblood                Tmut           21%        N/A       2%          2
 Spider Form              Tmut/Pois      11%        N/A       17%         3
 Sublimation of Blood     Necr           1%         N/A       32%         2
 Ice Form                 Ice/Tmut       11%        N/A       50%         4
 Petrify                  Tmut/Erth      11%        N/A       50%         4
 Irradiate                Conj/Tmut      5%         3d15      85%         5


Dungeon Overview and Level Annotations

Branches:
Dungeon (4/15)
 Temple: D:4-7

Altars:
Okawaru

Shops:
D:3 (

Annotations:
D:4 Pikel


Innate Abilities, Weirdness & Mutations

One of your tentacles has grown a beastly spike.
You cannot wear most types of armour.
You are amphibious.
You can wear up to eight rings at the same time.
Your skin changes colour to match your surroundings (Stealth+).
Your rubbery body absorbs attacks. (AC +1, EV +1)
((You are camouflaged when in or above water. (Stealth+)))
You have tentacles for arms and can constrict up to eight enemies at once.


Message History

You hit the lemure but do no damage.
The lemure is moderately wounded.
You constrict the lemure. The lemure closely misses you.
A lemure comes into view.
The lemure shouts!
You hit the lemure but do no damage.
You pierce the lemure.
You squeeze the lemure, but do no damage.
The lemure is moderately wounded.
You constrict the lemure. The lemure hits you.
You hit the lemure but do no damage.
The lemure is poisoned.
You squeeze the lemure, but do no damage.
The lemure is heavily wounded.
You constrict the lemure. The lemure hits you.
You hit the lemure.
The lemure looks as sick as possible!
You pierce the lemure, but do no damage.
You squeeze the lemure!
You kill the lemure!
That felt strangely unrewarding.
You hit Pikel but do no damage.
Pikel is poisoned.
You grab Pikel.
You pierce Pikel, but do no damage.
You constrict Pikel. Pikel closely misses you.
You hit Pikel.
Pikel is lightly wounded.
You constrict Pikel.
Pikel hits you with a +0 whip of freezing.
Pikel freezes you.
You hit Pikel.
Pikel is moderately wounded.
You constrict Pikel, but do no damage.
Pikel hits you with a +0 whip of freezing.
* * * LOW HITPOINT WARNING * * *
Pikel freezes you.
* * * LOW HITPOINT WARNING * * *
Pikel barely misses you.
It was a potion of degeneration.
There was something very wrong with that liquid.
You feel weakened.
You feel dopey.
You feel clumsy.
You constrict Pikel.
Pikel hits you with a +0 whip of freezing.
You die...

# #? ##.# #.5.##
#...K#####
......K..# ###
.###.###.#######@#
#.........555K.#
#..###.#########
#..# #.# #..# #.#
#... #.# #.. #.#
..# ##


You could see Pikel (very poisoned) and 3 lemures.

Vanquished Creatures
  Sigmund (D:2)
  A lemure (D:4)
  Natasha (twice) (D:2)
  An orc wizard (D:3)
  A gnoll (D:3)
  A worm (D:3)
  2 dart slugs
  4 orcs (D:3)
  7 bats
  3 endoplasms (D:1)
  7 giant cockroaches
  2 hobgoblins
  2 quokkas (D:1)
  7 ball pythons
  3 frilled lizards
  9 goblins
  6 kobolds
  4 rats
63 creatures vanquished.

Notes
Turn   | Place    | Note
-------+----------+-------------------------------------------
     0 | D:1      | bwicke the Octopode Transmuter began the quest for the Orb.
     0 | D:1      | Reached XP level 1. HP: 13/13 MP: 3/3
   161 | D:1      | Found a faded altar of an unknown god.
   234 | D:1      | Reached XP level 2. HP: 10/18 MP: 5/5
   862 | D:1      | Reached skill level 3 in Transmutations
  1425 | D:1      | Reached XP level 3. HP: 22/23 MP: 4/6
  1699 | D:2      | Noticed Natasha
  1707 | D:2      | Killed Natasha
  1708 | D:2      | Reached skill level 4 in Transmutations
  1945 | D:2      | Noticed Sigmund
  1957 | D:2      | Killed Sigmund
  1958 | D:2      | Reached skill level 5 in Transmutations
  1958 | D:2      | Reached XP level 4. HP: 21/28 MP: 5/7
  1958 | D:2      | Reached XP level 5. HP: 25/33 MP: 5/8
  2107 | D:2      | Reached skill level 6 in Transmutations
  2259 | D:2      | Noticed Natasha
  2267 | D:2      | Reached XP level 6. HP: 33/38 MP: 7/9
  2269 | D:2      | Killed Natasha
  2916 | D:3      | Found an iron altar of Okawaru.
  3137 | D:3      | Became a worshipper of Warmaster Okawaru
  3176 | D:3      | Found Synli's Weapon Boutique.
  3812 | D:4      | Noticed Pikel
  3835 | D:4      | Slain by Pikel

Illustrated notes

Levels and vault maps discovered:
D:1:      nzn_arrival_water_spiral, layout_basic, basic_ecumenical_altar
D:2:      layout_loops_corners, uniq_natasha, uniq_sigmund
D:3:      layout_basic, okawaru_altar_gauntlet_db, serial_shops, shop_statue
D:4:      layout_loops_ring, xom_butterflies, gup_sewer_entry_pipe,
          nicolae_elevator_lobby_asterisk, uniq_pikel

Skill      XL: |  1  2  3  4  5 |
---------------+----------------+-----
Transmutations | 3 5 6 |  6.6
Fighting       | |  1.0
Dodging        | |  2.0
Unarmed Combat | |  3.0
Spellcasting   | |  2.0

Action                   |  1- 3 |  4- 6 || total
-------------------------+-------+-------++-------
Melee: Unarmed           |    28 |       ||    28
       Punch             |     3 |     1 ||     4
       Constrict         |    13 |    19 ||    32
       Kick              |    13 |    18 ||    31
       Tentacles         |     5 |    10 ||    15
       Dagger            |    18 |       ||    18
       Short sword       |    11 |    62 ||    73
 Cast: Beastly Appendage |    24 |    16 ||    40
  Use: Scroll            |       |     2 ||     2
       Potion            |       |     1 ||     1
 Stab: Sleeping          |     5 |     6 ||    11
Armor: Skin              |     1 |     6 ||     7
Dodge: Dodged            |    30 |    42 ||    72

Table legend: (Time is in decaauts)
 A = Elapsed time spent in this place.
 B = Non-inter-level travel time spent in this place.
 C = Inter-level travel time spent in this place.
 D = Time resting spent in this place.
 E = Time spent auto-exploring this place.
 F = Levels seen in this place.
 G = Mean time per level.
                   A        B        C        D        E       F      G
               +--------+--------+--------+--------+--------+-----+--------+
         Total |   3838 |   3754 |     84 |    471 |   2571 |   4 |  959.5 |
       Dungeon |   3838 |   3754 |     84 |    471 |   2571 |   4 |  959.5 |
               +--------+--------+--------+--------+--------+-----+--------+

Top non-repeatable levels by time:
     D:1: 1592 daAuts
     D:2: 1118 daAuts
     D:3: 1102 daAuts
     D:4: 24 daAuts
